 Dungeon Crawl Stone Soup version 0.27-a0-1084-g78b3836a5f (webtiles) character file.

Game seed: 8853556124093623207

51 Lugonue the Magician (level 3, 0/25 HPs)
             Began as a Djinni Venom Mage on Apr 26, 2021.
             Was a Follower of Wu Jian.
             Slain by a gnoll
             ... wielding a +0 halberd
              (12 damage)
             ... on level 3 of the Dungeon.
             The game lasted 00:03:42 (2804 turns).

Lugonue the Magician (Djinni Venom Mage)            Turns: 2804, Time: 00:03:48

Health: 0/25       AC:  2    Str:  7    XL:     3   Next: 81%
Gold:   62         EV: 12    Int: 17    God:    Wu Jian [*.....] SH:  0 Dex: 13

rFire    + + .     SeeInvis .   (no weapon)
rCold    x . .     Faith    .   (no shield)
rNeg     . . .     Spirit   .   a - +0 robe
rPois    ∞         Reflect  .   (no helmet)
rElec    .         Harm     .   (no cloak)
rCorr    .         Rampage  .   (no gloves)
Will     .....                  (boots unavailable)
Stlth    ++........             (no amulet)
HPRegen  0.08/turn              (no ring)
MPRegen  0.00/turn              (no ring)

@: flying
A: fire resistance 2, cold vulnerability 1, float, innate caster, hp casting,
extra vitality 1
a: Renounce Religion


You were on level 3 of the Dungeon.
You worshipped Wu Jian.
Wu Jian was aware of your devotion.
You visited 1 branch of the dungeon, and saw 3 of its levels.

You collected 62 gold pieces.

Inventory:

Armour
 a - a +0 robe (worn)
Jewellery
 g - a ring of ice
Scrolls
 b - 2 scrolls of identify {unknown}
 c - 2 scrolls of teleportation {unknown}
 d - 2 scrolls of blinking {unknown}
 j - a scroll of vulnerability {unknown}
 k - 2 scrolls of magic mapping {unknown}
 l - a scroll of silence {unknown}
 m - a scroll of summoning {unknown}
Potions
 e - 2 potions of lignification {unknown}
 f - a potion of haste {unknown}
 h - a potion of invisibility {unknown}
 i - a potion of curing {unknown}


   Skills:
 - Level 2.2 Dodging
 - Level 1.5 Stealth
 + Level 4.0 Spellcasting


You couldn't memorise any spells.
You knew the following spells:

 Your Spells              Type           Power      Damage    Failure   Level
a - Sting                 Tmut/Pois      68%        1d6       3%          1
b - Poisonous Vapours     Pois/Air       34%        N/A       4%          2
c - Mephitic Cloud        Conj/Pois/Air  17%        N/A       9%          3
d - Ignite Poison         Fire/Tmut/Pois 17%        N/A       9%          3
e - Olgreb's Toxic Radia  Pois           17%        N/A       30%         4
f - Pain                  Necr           68%        1d7       3%          1
Your spell library was empty.

Dungeon Overview and Level Annotations

Branches:
Dungeon (3/15)

Altars:
Wu Jian


Innate Abilities, Weirdness & Mutations

You are immune to poison.
Your flesh is very heat resistant. (rF++)
You are vulnerable to cold. (rC-)
You float through the air rather than walking.
You learn spells naturally, not from books.
Your magical power is your life essence.
You have superior vitality. (+4 HP)


Message History

Casting: Sting (safe; 3% risk of failure)
Confirm with . or Enter, or press ? or * to list all spells.
Aiming: Poisonous Vapours (safe; 4% risk of failure)
Press: ? - help, Dir - move target, f - gnoll
Aim: a gnoll, wielding a +0 club Poisonous vapours surround the gnoll!
The gnoll is engulfed in poison gas.
The gnoll is poisoned.
The gnoll looks more healthy.
Casting: Poisonous Vapours (safe; 4% risk of failure)
Confirm with . or Enter, or press ? or * to list all spells.
Aiming: Poisonous Vapours (safe; 4% risk of failure)
Press: ? - help, Dir - move target, f/p - gnoll
Aim: a gnoll, wielding a +0 club (severely wounded) Poisonous vapours surround the gnoll!
The gnoll is poisoned.
You kill the gnoll!
The Council accepts your kill.
Your Spellcasting skill increases to level 4!
Casting: Poisonous Vapours (safe; 4% risk of failure)
Confirm with . or Enter, or press ? or * to list all spells.
Aiming: Poisonous Vapours (safe; 4% risk of failure)
Press: ? - help, Dir - move target, f - gnoll
Aim: a gnoll, wielding a +0 halberd Poisonous vapours surround the gnoll!
The gnoll is engulfed in poison gas.
The gnoll is poisoned.
Casting: Poisonous Vapours (safe; 4% risk of failure)
Confirm with . or Enter, or press ? or * to list all spells.
Aiming: Sting (safe; 3% risk of failure)
Press: ? - help, Shift-Dir - straight line, f/p - gnoll
Aim: a gnoll, wielding a +0 halberd (moderately wounded, poisoned, 77% to hit)
The sting hits the gnoll.
The gnoll looks even sicker.
The gnoll is heavily wounded.
Casting: Sting (safe; 3% risk of failure)
Confirm with . or Enter, or press ? or * to list all spells.
Aiming: Sting (safe; 3% risk of failure)
Press: ? - help, Shift-Dir - straight line, f/p - gnoll
Aim: a gnoll, wielding a +0 halberd (heavily wounded, very poisoned, 77% to hit)
The sting hits the gnoll.
The gnoll looks even sicker.
The gnoll is severely wounded.
The gnoll hits you from afar with a +0 halberd!
You die...

...#....## #.........
#........# #........# ....
#........# ...# .) ####'###
#.# #... ..g.###).....# #.#
#..# ...ggg.....#.# #.# #..#
....###.##.#.###@#
#..####### .. ###.#..g)gg..#
#........# #+##....#.#.#####
#.....<#.# #.......#...#
##.....#.# ####.##.#####
##.#.....# #.# ...
#..#.#.#### #.# ####
#.##.#...<#
#.################.##.#.####
#..................##.###


You could see 3 gnolls.

Vanquished Creatures
  A gnoll (D:3)
  An adder (D:3)
  A worm (D:2)
  2 dart slugs
  3 endoplasms
  4 kobolds
  2 quokkas
  A ball python (D:2)
  3 bats
  2 frilled lizards
  3 goblins
  3 rats
26 creatures vanquished.

Notes
Turn   | Place    | Note
-------+----------+-------------------------------------------
     0 | D:1      | Lugonue the Djinni Venom Mage began the quest for the Orb.
     0 | D:1      | Reached XP level 1. HP: 15/15 MP: 0/0
   756 | D:1      | Reached skill level 3 in Spellcasting
   858 | D:1      | Reached XP level 2. HP: 19/21 MP: 0/0
   957 | D:1      | Found a faded altar of an unknown god.
   960 | D:1      | Became a worshipper of the Wu Jian Council
   960 | D:1      | Reached * piety under Wu Jian
  2540 | D:2      | Reached XP level 3. HP: 12/25 MP: 0/0
  2540 | D:2      | Learned a level 1 spell: Pain
  2799 | D:3      | Reached skill level 4 in Spellcasting
  2804 | D:3      | Slain by a gnoll

Illustrated notes

Levels and vault maps discovered:
D:1:      ebering_trefoil_3fold, layout_loops_corners,
          chequers_ecumenical_altar_grove
D:2:      layout_basic, minmay_hedge_maze
D:3:      layout_basic, serial_shops, shop, uniq_crazy_yiuf_cottage

Skill      XL: |  1  2  3 |
---------------+----------+-----
Spellcasting   | 3 4 |  4.0
Dodging        | |  2.2
Stealth        | |  1.5

Action                   || total
-------------------------++-------
Melee: Unarmed           ||     1
 Cast: Sting             ||    36
       Poisonous Vapours ||     9
Dodge: Dodged            ||     8

Table legend: (Time is in decaauts)
 A = Elapsed time spent in this place.
 B = Non-inter-level travel time spent in this place.
 C = Inter-level travel time spent in this place.
 D = Time resting spent in this place.
 E = Time spent auto-exploring this place.
 F = Levels seen in this place.
 G = Mean time per level.
                   A        B        C        D        E       F      G
               +--------+--------+--------+--------+--------+-----+--------+
         Total |   2804 |   2732 |     72 |      0 |   2488 |   3 |  934.7 |
       Dungeon |   2804 |   2732 |     72 |      0 |   2488 |   3 |  934.7 |
               +--------+--------+--------+--------+--------+-----+--------+

Top non-repeatable levels by time:
     D:2: 1440 daAuts
     D:1: 1262 daAuts
     D:3: 102 daAuts
